 Dungeon Crawl Stone Soup version 0.27-a0-1140-g099f9bb0e8 (webtiles) character file.

Game seed: 5968161318702803758

186 bilbop the Magician (level 5, -5/38 HPs)
             Began as a Djinni Air Elementalist on May 9, 2021.
             Slain by a gnoll
             ... wielding a +0 whip
              (9 damage)
             ... on level 3 of the Dungeon.
             The game lasted 00:13:13 (3799 turns).

bilbop the Magician (Djinni Air Elementalist)       Turns: 3799, Time: 00:13:13

Health: -5/38      AC:  3    Str:  7    XL:     5   Next: 66%
Gold:   62         EV: 12    Int: 16    God:
                   SH:  0    Dex: 15

rFire    + + .     SeeInvis .   b - +0 dagger
rCold    x . .     Faith    .   (no shield)
rNeg     . . .     Spirit   .   d - +0 robe
rPois    ∞         Reflect  .   f - +0 helmet
rElec    .         Harm     .   (no cloak)
rCorr    .         Rampage  .   (no gloves)
Will     .....                  (boots unavailable)
Stlth    ++........             (no amulet)
HPRegen  0.12/turn              (no ring)
MPRegen  0.00/turn              (no ring)

@: flying, very slightly contaminated
A: sickness immunity, fire resistance 2, cold vulnerability 1, float, innate
caster, hp casting, extra vitality 1
a: no special abilities


You were on level 3 of the Dungeon.
You visited 1 branch of the dungeon, and saw 3 of its levels.

You collected 62 gold pieces.

Inventory:

Hand Weapons
 a - a +0 falchion
 b - a +0 dagger (weapon)
Armour
 d - a +0 robe (worn)
 f - a +0 helmet (worn)
Scrolls
 e - a scroll of enchant armour {unknown}
Potions
 c - 2 potions of curing {unknown}
 g - a potion of attraction {unknown}


   Skills:
 + Level 2.1 Fighting
 + Level 1.5 Long Blades
 - Level 2.1 Dodging
 + Level 2.6 Stealth
 * Level 4.0 Spellcasting


You couldn't memorise any spells.
You knew the following spells:

 Your Spells              Type           Power      Damage    Failure   Level
a - Shock                 Conj/Air       64%        1d7       3%          1
b - Static Discharge      Conj/Air       16%        N/A       4%          2
c - Swiftness             Air            16%        N/A       10%         3
d - Airstrike             Air            8%         N/A       32%         4
e - Lightning Bolt        Conj/Air       8%         1d20      65%         5
f - Magic Dart            Conj           64%        1d6       3%          1
g - Ensorcelled Hibernat  Hex/Ice        32%        N/A       4%          2
Your spell library was empty.

Dungeon Overview and Level Annotations

Branches:
Dungeon (3/15)

Altars:


Innate Abilities, Weirdness & Mutations

You are immune to sickness and miasma.
You are immune to poison.
Your flesh is very heat resistant. (rF++)
You are vulnerable to cold. (rC-)
You float through the air rather than walking.
You learn spells naturally, not from books.
Your magical power is your life essence.
You have superior vitality. (+4 HP)


Message History

The gnoll hits you with a +0 whip.
There is a stone staircase leading up here.
Casting: Shock (safe; 3% risk of failure)
Confirm with . or Enter, or press ? or * to list all spells.
You miscast Static Discharge.
You are very lightly contaminated with residual magic.
Nothing appears to happen.
The bat closely misses you. The gnoll completely misses you.
The gnoll closely misses you.
Casting: Static Discharge (safe; 4% risk of failure)
Confirm with . or Enter, or press ? or * to list all spells.
The gnoll is struck by an arc of lightning!
The gnoll is severely wounded.
The ball python is struck by an arc of lightning.
You kill the ball python!
The lightning grounds out.
The bat closely misses you. The gnoll hits you but does no damage.
The gnoll hits you with a +0 whip. The frilled lizard misses you.
The gnoll hits you from afar with a +0 spear.
Casting: Static Discharge (safe; 4% risk of failure)
Confirm with . or Enter, or press ? or * to list all spells.
The frilled lizard is struck by an arc of lightning!
You kill the frilled lizard!
The lightning grounds out.
The bat hits you. The gnoll barely misses you.
The gnoll hits you with a +0 whip!
The gnoll hits you from afar with a +0 spear!
* * * LOW HITPOINT WARNING * * *
The bat hits you but does no damage.
Casting: Static Discharge (safe; 4% risk of failure)
Confirm with . or Enter, or press ? or * to list all spells.
The bat is struck by an arc of lightning!
You kill the bat!
The lightning grounds out.
* * * LOW HITPOINT WARNING * * *
The gnoll hits you with a +0 whip.
* * * LOW HITPOINT WARNING * * *
The gnoll hits you with a +0 whip.
* * * LOW HITPOINT WARNING * * *
The gnoll barely misses you. The gnoll hits you with a +0 whip!
You die...

...........##
............
...........#
...........
.......... #
......g#.#
#...g..#
#.†@...#
#..†g..#
#......#
#........
#......###
#......#
#......#
#.......


You could see 3 gnolls.

Vanquished Creatures
  A hound (D:2)
  Terence (D:2)
  Robin (D:2)
  4 adders (D:2)
  2 worms (D:2)
  8 ball pythons
  6 endoplasms
  9 goblins
  13 hobgoblins
  7 jackals (D:2)
  A kobold (D:1)
  3 quokkas
  5 bats
  7 frilled lizards
  2 rats (D:1)
70 creatures vanquished.

Notes
Turn   | Place    | Note
-------+----------+-------------------------------------------
     0 | D:1      | bilbop the Djinni Air Elementalist began the quest for the
                  | Orb.
     0 | D:1      | Reached XP level 1. HP: 15/15 MP: 0/0
   287 | D:1      | Reached XP level 2. HP: 16/22 MP: 0/0
   547 | D:1      | Reached skill level 3 in Spellcasting
  1110 | D:1      | Reached skill level 1 in Fighting
  1424 | D:2      | Reached XP level 3. HP: 8/27 MP: 0/0
  1424 | D:2      | Learned a level 1 spell: Magic Dart
  1655 | D:2      | Reached XP level 4. HP: 25/32 MP: 0/0
  2416 | D:2      | Reached skill level 1 in Long Blades
  2532 | D:2      | Noticed Robin
  2545 | D:2      | Killed Robin
  2546 | D:2      | Reached XP level 5. HP: 5/38 MP: 0/0
  2546 | D:2      | Learned a level 2 spell: Ensorcelled Hibernation
  3044 | D:2      | Noticed Terence
  3053 | D:2      | Killed Terence
  3611 | D:2      | Reached skill level 4 in Spellcasting
  3799 | D:3      | Slain by a gnoll

Illustrated notes

Levels and vault maps discovered:
D:1:      heliophobic_arrival_battle_scene, layout_basic
D:2:      minmay_skewed_foursquare, layout_basic, minmay_increasing_density,
          uniq_terence, uniq_robin
D:3:      layout_rooms, nzn_wu_jian_council_hall, bloody_trog, serial_shops,
          shop

Skill      XL: |  1  2  3  4  5 |
---------------+----------------+-----
Spellcasting   | 3 4 |  4.0
Stealth        | 2 |  2.6
Fighting       | 1 2 |  2.1
Long Blades    | 1 |  1.5
Dodging        | |  2.1

Action                   |  1- 3 |  4- 6 || total
-------------------------+-------+-------++-------
Melee: Dagger            |       |     8 ||     8
 Cast: Shock             |    56 |    76 ||   132
       Static Discharge  |     3 |    13 ||    16
 Stab: Sleeping          |       |     1 ||     1
Armor: Robe              |     1 |     3 ||     4
Dodge: Dodged            |     6 |    23 ||    29

Table legend: (Time is in decaauts)
 A = Elapsed time spent in this place.
 B = Non-inter-level travel time spent in this place.
 C = Inter-level travel time spent in this place.
 D = Time resting spent in this place.
 E = Time spent auto-exploring this place.
 F = Levels seen in this place.
 G = Mean time per level.
                   A        B        C        D        E       F      G
               +--------+--------+--------+--------+--------+-----+--------+
         Total |   3797 |   3768 |     29 |   1156 |   2342 |   3 | 1265.7 |
       Dungeon |   3797 |   3768 |     29 |   1156 |   2342 |   3 | 1265.7 |
               +--------+--------+--------+--------+--------+-----+--------+

Top non-repeatable levels by time:
     D:2: 2184 daAuts
     D:1: 1606 daAuts
     D:3: 7 daAuts
